 Dungeon Crawl Stone Soup version 0.29-a0-993-g4a18f31a58 (webtiles) character file.

Game seed: 13573331502725155882

5541 Sobieck the Covert (level 10, -3/45 (51) HPs)
             Began as a Vine Stalker Brigand on Aug 2, 2022.
             Was a Follower of Uskayaw.
             Slain by a steam dragon (4 damage)
             ... on level 8 of the Dungeon.
             The game lasted 00:19:54 (7152 turns).

Sobieck the Covert (Vine Stalker Brigand)           Turns: 7152, Time: 00:19:55

HP:   -3/45 (51)    AC: 13    Str: 11    XL:     10   Next: 71%
MP:   0/15          EV: 10    Int: 14    God:    Uskayaw [*.....]
Gold: 553           SH:  0    Dex: 21    Spells: 9/9 levels left

rFire   . . .      SeeInvis .   a - +5 dagger {short}
rCold   . . .      Faith    .   (no shield)
rNeg    + . .      Spirit   +   F - +3 scale mail
rPois   +          Reflect  .   (no helmet)
rElec   +          Harm     .   c - +1 cloak
rCorr   .          Rampage  .   (no gloves)
Will    +....                   C - +1 pair of boots
Stlth   ++++......              (no amulet)
HPRegen 0.95/turn               S - ring "Urphoyza" {Fly rElec rN+ Str-2 Int+3}
MPRegen 0.14/turn               x - ring of poison resistance

@: flying, heavily drained
A: fangs 3, regeneration 1, magic shield, antimagic bite, no potion heal 2
a: Renounce Religion, Stomp


You were on level 8 of the Dungeon.
You worshipped Uskayaw.
Uskayaw was noncommittal.
You visited 1 branch of the dungeon, and saw 8 of its levels.
You also visited: Ossuary.

You collected 553 gold pieces.


Innate Abilities, Weirdness & Mutations

You have razor-sharp teeth.
Your natural rate of healing is unusually fast.
When hurt, damage is shared between your health and your magic reserves.
Your bite disrupts and absorbs the magic of your enemies.
Potions cannot restore your health.


   Skills:
 - Level 5.0 Fighting
 - Level 10.0 Short Blades
 - Level 1.7 Throwing
 - Level 3.0 Dodging
 + Level 11.1 Stealth
 + Level 5.6 Invocations


You had 9 spell levels left.
You didn't know any spells.
Your spell library contained the following spells:

 Spells                   Type           Power      Damage    Failure   Level
 Beastly Appendage        Tmut           0%         N/A       88%         1
 Necrotise                Necr           0%         1d4       88%         1
 Ensorcelled Hibernation  Hex/Ice        0%         N/A       95%         2
 Sublimation of Blood     Necr           0%         N/A       95%         2
 Wereblood                Tmut           0%         N/A       95%         2
 Spider Form              Tmut/Pois      0%         N/A       99%         3
 Vampiric Draining        Necr           0%         2d6       99%         3
 Anguish                  Hex/Necr       0%         N/A       100%        4
 Agony                    Necr           0%         N/A       100%        5
 Summon Hydra             Summ           0%         N/A       100%        7

Inventory:

Hand Weapons
 a - a +5 dagger (weapon) {short}
   (You took it off a kobold on level 2 of the Dungeon)
 y - a +2 dagger {short}
 B - the +3 whip "Cumahade" {spect, rPois MP+9 Int+3, mace}
   (You found it on level 2 of the Dungeon)

   When its wielder attacks, the weapon's spirit leaps out and strikes again.
   The spirit shares a part of any damage it takes with its wielder.
   Int:       It affects your intelligence (+3).
   rPois:     It protects you from poison.
   MP:        It affects your magic capacity (+9).
 V - a +0 dagger of freezing {short}
   (You took it off an orc on level 5 of the Dungeon)
Missiles
 d - 16 poisoned darts (quivered) {throwing}
 e - 3 curare-tipped darts {=fthrowing}
 h - 33 stones {throwing}
 q - 7 boomerangs {throwing}
 I - 4 boomerangs of dispersal {=f!fthrowing}
 J - 5 javelins {throwing}
 M - 2 throwing nets {=f!fthrowing}
Armour
 c - a +1 cloak (worn)
 r - a +0 ring mail
   (You found it on level 1 of the Dungeon)
 t - a +2 kite shield
   (You found it on level 7 of the Dungeon)
 C - a +1 pair of boots (worn)
   (You found it on level 3 of the Dungeon)
 F - a +3 scale mail (worn)
   (You took it off an orc on level 3 of the Dungeon)
 H - a +0 ring mail
   (You took it off an orc on level 3 of the Dungeon)
 K - a +0 ring mail
   (You found it on level 4 of the Dungeon)
 L - a +0 leather armour
   (You took it off a gnoll bouda on level 3 of the Dungeon)
 N - a +0 scale mail
   (You found it on level 4 of the Dungeon)
 P - a +0 scale mail
   (You found it in an ossuary)
 T - a +0 leather armour
   (You took it off an orc on level 5 of the Dungeon)
 U - a +1 leather armour of fire resistance
   (You took it off an orc on level 5 of the Dungeon)
 W - a +0 robe
   (You took it off an orc wizard on level 5 of the Dungeon)
 X - a +0 robe
   (You took it off a wight on level 5 of the Dungeon)
 Y - a +0 ring mail
   (You took it off an orc priest on level 5 of the Dungeon)
Jewellery
 k - a +6 ring of strength
   (You found it on level 1 of the Dungeon)
 u - a ring of resist corrosion
   (You found it on level 6 of the Dungeon)
 v - a +4 ring of evasion
   (You took it off a gnoll bouda on level 7 of the Dungeon)
 x - a ring of poison resistance (right hand)
   (You found it on level 2 of the Dungeon)
 S - the ring "Urphoyza" (left hand) {Fly rElec rN+ Str-2 Int+3}
   (You acquired it on level 7 of the Dungeon)

   [ring of flight]

   Str:       It affects your strength (-2).
   Int:       It affects your intelligence (+3).
   rElec:     It insulates you from electricity.
   rN:        It protects you from negative energy.
   Fly:       It grants you flight.
Wands
 i - a wand of flame (20)
   (You found it on level 6 of the Dungeon)
 n - a wand of roots (12)
   (You took it off a gnoll on level 7 of the Dungeon)
 p - a wand of light (7)
   (You took it off a gnoll on level 7 of the Dungeon)
Scrolls
 b - 6 scrolls of teleportation {@r4}
 g - a scroll of enchant weapon
 l - 3 scrolls of fog
 o - a scroll of vulnerability {!r!r}
 E - a scroll of poison
 G - a scroll of magic mapping {!r}
Potions
 f - 7 potions of brilliance
 j - 2 potions of haste {@q3}
 m - a potion of flight
 s - 3 potions of curing {@q1}
 w - a potion of attraction {unknown}
 z - a potion of might
 A - a potion of cancellation
 D - a potion of mutation {!q}
 O - 3 potions of magic
 Q - a potion of lignification {unknown}
 R - 2 potions of berserk rage {!q}
 Z - a potion of invisibility {unknown}

Dungeon Overview and Level Annotations

Branches:
Dungeon (8/15) Zot: 26800  Temple (0/1) D:5         Ossuary (visited)
   Lair: D:8-11

Altars:
Ashenzari
Dithmenos
Fedhas
Nemelex Xobeh
Qazlal
Ru
Sif Muna
Uskayaw
Vehumet
Wu Jian
The Shining One

# # .....## # ....... #
......# # #### ......#
# .... ......# # #..# #
....... # #..# .
##D......
###..##.#######@.......
#....##................
.##.....##...##.......
.##..#####............
.#..## #........o..o
##.#.## ##.####.......
#..#.# ####..# .....o.
#.##.###....## .......
.........#### ...


You could see a steam dragon, an orc warrior, an orc priest and an orc wizard.


Message History

You destroy the wight!
The wight closely misses you.
Things that are here:
a +2 hand axe {axe}; a +0 robe
Aiming: Line Pass
Press: ? - help, Dir - move target, f - you
Okay, then.
The wight hits you but does no damage. x2
Aiming: Line Pass
Press: ? - help, Dir - move target The wight appears confused. x2
You can no longer pass through a line of other dancers.
The wight hits you but does no damage.
The wight hits the wight but does no damage.
You strike the helpless wight from behind!
You skewer the wight like a kebab!!!
You destroy the wight!
You can now pass through a line of other dancers.
Things that are here:
a +4 spear {polearm}; a +0 robe You hit the wight but do no damage.
You bite the wight, but do no damage.
The wight seems less confused.
The wight barely misses you.
You hit the wight but do no damage. Your bite misses the wight.
You hit the wight. The wight hits you with a +3 spear! You partially resist.
You feel drained.
You hit the wight but do no damage. You bite the wight, but do no damage.
You hit the wight. You bite the wight. You drain its power.
You feel invigorated. The wight hits you but does no damage.
Uskayaw will force your foes to helplessly watch your dance.
Uskayaw prepares the audience for your solo!
The helpless wight fails to defend itself.
You perforate the wight like a sieve!!!!
You destroy the wight!
No target in view!
Unknown command.
There is a stone staircase leading down here.
Things that are here:
a +3 spear {polearm}; a +0 robe Unknown command.
Things that are here:
a +4 spear {polearm}; a +0 robe
Found an escape hatch in the floor.
Unknown command.
You now have 542 gold pieces (gained 18).
You now have 553 gold pieces (gained 11).
A white imp comes into view.
Danger!
The helpless white imp fails to defend itself.
You stick the white imp like a pincushion!!!!
You kill the white imp!
No target in view!
Your pack is full.
You see here a scroll of identify {@r1}.
As you read the scroll of identify {@r1}, it crumbles to dust.
m - a potion of flight Unknown command.
A steam dragon comes into view.
Danger!
The steam dragon hisses angrily.
The steam dragon breathes steam at you. The ball of steam hits you!
You hear a shout! x2
No target in view!
Unknown command.
An orc priest comes into view. It is wielding a +0 flail.
You are engulfed in a cloud of scalding steam.
You hit the steam dragon.
You bite the steam dragon, but do no damage.
You are engulfed in a cloud of scalding steam.
Unknown command.
You hit the steam dragon.
You are engulfed in a cloud of scalding steam.
The steam dragon bites you.
The steam dragon claws you but does no damage.
An orc wizard comes into view. It is wielding a +0 dagger.
You closely miss the steam dragon. Your bite misses the steam dragon.
You hit the steam dragon.
You are engulfed in a cloud of scalding steam.
The orc wizard points at you and mumbles some strange words.
The puff of flame hits you!
* * * LOW HITPOINT WARNING * * *
The orc priest calls down the wrath of Beogh upon you.
Beogh smites you!
* * * LOW HITPOINT WARNING * * *
The steam dragon bites you.
* * * LOW HITPOINT WARNING * * *
The steam dragon claws you but does no damage.
An orc warrior comes into view. It is wielding a +0 mace.
You hear an angry hiss.
Unknown command.
The orc warrior shouts!
You hit the steam dragon.
You bite the steam dragon, but do no damage.
You hit the steam dragon.
The orc warrior throws a boomerang.
The boomerang hits you!
* * * LOW HITPOINT WARNING * * *
The steam dragon bites you but does no damage.
The steam dragon claws you.
You die...

Skill      XL: |  1  2  3  4  5  6  7  8  9 10 |
---------------+-------------------------------+-----
Short Blades   | 2 3 4 5 7 8 10 | 10.0
Dodging        | 1 2 3 |  3.0
Stealth        | 5 6 7 8 9 11 | 11.1
Fighting       | 2 3 5 |  5.0
Invocations    | 1 3 5 |  5.6
Throwing       | |  1.7

Action                   |  1- 3 |  4- 6 |  7- 9 | 10-12 || total
-------------------------+-------+-------+-------+-------++-------
Melee: Dagger            |    93 |   196 |   394 |   224 ||   907
       Bite              |    23 |    66 |   147 |    88 ||   324
       Punch             |       |     3 |     9 |     5 ||    17
Throw: Dart              |       |     1 |     2 |       ||     3
Invok: Line Pass         |       |       |       |     2 ||     2
  Use: Scroll            |       |       |    19 |     5 ||    24
 Stab: Sleeping          |     7 |    10 |     5 |     2 ||    24
       Paralysed         |       |       |     5 |    10 ||    15
       Distracted        |       |       |       |     1 ||     1
       Confused          |       |       |       |     1 ||     1
Armor: Robe              |    19 |    28 |       |       ||    47
       Scale mail        |       |    24 |   117 |    67 ||   208
Dodge: Dodged            |    39 |    92 |   136 |    58 ||   325

Levels and vault maps discovered:
D:1:      minmay_arrival_shoal_huts, layout_rooms, serial_glass,
          glass_columns_a, glass_columns_c, chequers_avenue
D:2:      layout_basic, dilly_ecumenical_altar_fadedgnrine,
          minmay_misc_feat_nine_boxes, minivault_25
D:3:      layout_loops_ring, amcnicky_altar_gilded, minmay_surrounded
D:4:      layout_basic, nicolae_wu_jian_wuxing_cycle,
          mainiacjoe_overflow_concentric_impassable,
          nicolae_overflow_hidden_temple, enter_ossuary_1, moated_statue
D:5:      layout_rooms, nicolae_overflow_crystal_walls,
          mainiacjoe_overflow_paths, minmay_temple_entry_stoned_glass
D:6:      layout_gridville, portal_sewer_entry_e
D:7:      layout_loops_corners, nicolae_qazlal_eye_of_the_storm,
          minmay_misc_feat_square, serial_bayou_pond_e, minivault_10,
          chequers_serial_rivers_micro_e, grunt_livestock, st_stairs_7
D:8:      layout_rooms, minivault_22, bh_walls_and_bars

Notes
Turn   | Place    | Note
-------+----------+-------------------------------------------
     0 | D:1      | Sobieck the Vine Stalker Brigand began the quest for the
                  | Orb.
     0 | D:1      | Reached XP level 1. HP: 11/11 MP: 2/2
    42 | D:1      | Reached skill level 2 in Short Blades
   320 | D:1      | Reached skill level 1 in Dodging
   320 | D:1      | Reached XP level 2. HP: 15/15 MP: 3/3
   339 | D:1      | Reached skill level 5 in Stealth
   345 | D:1      | Reached skill level 2 in Fighting
   388 | D:1      | You pick up a book of Changes and begin reading...
   388 | D:1      | You add the spells Beastly Appendage, Wereblood and Spider
                  | Form to your library.
   544 | D:1      | Reached XP level 3. HP: 17/18 MP: 4/4
   759 | D:1      | You pick up a book of Necromancy and begin reading...
   759 | D:1      | You add the spells Necrotise, Vampiric Draining and Agony
                  | to your library.
  1093 | D:2      | HP: 2/18 [gnoll/+0 flail (7)]
  1096 | D:2      | Gained mutation: Your natural rate of healing is unusually
                  | fast. [Vine Stalker growth]
  1096 | D:2      | Reached XP level 4. HP: 3/23 MP: 0/5
  1382 | D:2      | Found a faded altar of an unknown god.
  1433 | D:2      | Reached skill level 3 in Short Blades
  1788 | D:2      | Identified the +3 whip "Cumahade" {spect, rPois MP+9 Int+3}
  1866 | D:3      | Found a sparkling altar of Nemelex Xobeh.
  1954 | D:3      | Reached XP level 5. HP: 22/27 MP: 6/6
  2258 | D:3      | Reached skill level 2 in Dodging
  2685 | D:4      | Reached XP level 6. HP: 32/32 MP: 7/7
  2722 | D:3      | Reached skill level 6 in Stealth
  2798 | D:4      | Reached skill level 3 in Fighting
  2798 | D:4      | Reached skill level 4 in Short Blades
  2944 | D:4      | Reached XP level 7. HP: 35/36 MP: 8/8
  2949 | D:4      | Found an ornate altar of the Wu Jian Council.
  3098 | D:4      | Found a sand-covered staircase.
  3109 | Ossuary  | Entered an ossuary
  3194 | Ossuary  | Reached skill level 5 in Short Blades
  3194 | Ossuary  | Reached skill level 3 in Dodging
  3227 | Ossuary  | Reached skill level 7 in Stealth
  3237 | Ossuary  | Gained mutation: You have razor-sharp teeth. [Vine Stalker
                  | growth]
  3237 | Ossuary  | Reached XP level 8. HP: 41/42 MP: 7/9
  3270 | Ossuary  | Reached skill level 4 in Fighting
  3611 | D:4      | Found a shimmering blue altar of Sif Muna.
  3614 | D:4      | Found a hide-covered altar of Uskayaw.
  3618 | D:4      | Found a sacrificial altar of Ru.
  3636 | D:5      | Entered Level 5 of the Dungeon
  3663 | D:5      | Found a broken altar of Ashenzari.
  3677 | D:5      | Reached skill level 6 in Short Blades
  3779 | D:5      | Found a glowing golden altar of the Shining One.
  3800 | D:5      | Reached skill level 8 in Stealth
  3812 | D:5      | HP: 8/42 [gnoll bouda/+0 club (8)]
  3907 | D:5      | HP: 6/42 [orc priest/divine providence (7)]
  4034 | D:5      | Found a staircase to the Ecumenical Temple.
  4096 | D:4      | Found a radiant altar of Vehumet.
  4096 | D:4      | Found a blossoming altar of Fedhas.
  4110 | D:4      | Became a worshipper of Uskayaw the Reveller
  4290 | D:4      | Reached * piety under Uskayaw
  4291 | D:4      | Reached ** piety under Uskayaw
  4320 | D:4      | Found a shadowy altar of Dithmenos.
  4520 | D:5      | Reached skill level 5 in Fighting
  4520 | D:5      | Reached skill level 7 in Short Blades
  4520 | D:5      | Reached skill level 1 in Invocations
  4520 | D:5      | Reached XP level 9. HP: 40/47 MP: 7/10
  4764 | D:6      | Reached *** piety under Uskayaw
  4766 | D:6      | Reached skill level 2 in Invocations
  4878 | D:6      | Reached **** piety under Uskayaw
  4910 | D:6      | Reached skill level 9 in Stealth
  5253 | D:6      | Reached skill level 8 in Short Blades
  5260 | D:6      | Identified the +1 ring mail of Boira {-Cast MP-9 Str+9
                  | SInv}
  5346 | D:6      | Reached skill level 3 in Invocations
  5642 | D:7      | Reached ***** piety under Uskayaw
  5653 | D:7      | Identified a scroll of acquirement
  5653 | D:7      | Acquired the ring "Urphoyza" {Fly rElec rN+ Str-2 Int+3}
  5672 | D:7      | You pick up a book of Blood and begin reading...
  5672 | D:7      | You add the spells Sublimation of Blood and Summon Hydra to
                  | your library.
  5775 | D:7      | Reached XP level 10. HP: 48/51 MP: 11/13
  5786 | D:7      | Reached skill level 10 in Stealth
  5786 | D:7      | Reached skill level 4 in Invocations
  5839 | D:7      | Reached skill level 9 in Short Blades
  6106 | D:7      | Found a stormy altar of Qazlal.
  6543 | D:7      | You pick up a book of Dreams and begin reading...
  6543 | D:7      | You add the spells Ensorcelled Hibernation and Anguish to
                  | your library.
  6726 | D:7      | Reached skill level 5 in Invocations
  6963 | D:8      | Reached skill level 11 in Stealth
  6975 | D:8      | Reached skill level 10 in Short Blades
  6981 | D:8      | Reached ****** piety under Uskayaw
  7150 | D:8      | HP: 9/45 [steam dragon (4)]
  7152 | D:8      | HP: 1/45 [orc warrior/boomerang (9)]
  7152 | D:8      | Slain by a steam dragon

Vanquished Creatures
  A wyvern (D:6)
  9 yaks (D:7)
  A human (D:7)
  A hog (D:7)
  A steam dragon (D:5)
  A water moccasin (D:5)
  2 orc warriors
  2 ice beasts
  A sky beast (D:6)
  A centaur (D:5)
  An ogre (D:7)
  2 phantoms
  A necrophage (D:4)
  2 bullfrogs (D:7)
  5 scorpions
  A gnoll sergeant (D:7)
  8 water moccasin zombies (Ossuary)
  13 wights
  3 howler monkeys
  A jelly (D:6)
  3 gnoll boudas
  4 orc priests
  2 hounds
  3 iguanas
  6 orc wizards
  2 mummies (Ossuary)
  25 gnolls
  4 adders
  A shadow imp (D:6)
  6 white imps
  3 adder zombies (Ossuary)
  5 worms
  3 dart slugs (D:1)
  32 orcs
  7 bats
  8 endoplasms
  7 giant cockroaches
  3 gnoll zombies (Ossuary)
  8 goblins
  5 hobgoblins
  2 jackals (D:2)
  5 kobolds
  6 quokkas
  5 ball pythons
  12 frilled lizards
  4 hobgoblin zombies (Ossuary)
  3 kobold zombies (Ossuary)
  5 orc zombies (Ossuary)
  14 rats
250 creatures vanquished.

Vanquished Creatures (others)
  3 plants (D:2)
3 creatures vanquished.

Grand Total: 253 creatures vanquished

Table legend:
 A = Non-vault XP
 B = Vault XP
 C = Vault XP percentage of total XP
 D = Non-vault monster count
 E = Vault monster count
 F = Vault count percentage of total count
                 A         B        C        D         E       F
            +---------+---------+-------+---------+---------+-------
      Total |    6195 |    1721 |  21.7 |     205 |      45 |  18.0
            +---------+---------+-------+---------+---------+-------
        D:1 |      60 |       0 |   0.0 |      32 |       0 |   0.0
        D:2 |      74 |       0 |   0.0 |      21 |       0 |   0.0
        D:3 |     175 |       7 |   3.8 |      26 |       4 |  13.3
        D:4 |     673 |       0 |   0.0 |      28 |       0 |   0.0
        D:5 |     988 |       0 |   0.0 |      23 |       0 |   0.0
        D:6 |     996 |       8 |   0.8 |      17 |       7 |  29.2
        D:7 |    2589 |    1003 |  27.9 |      45 |       6 |  11.8
        D:8 |     640 |       0 |   0.0 |      13 |       0 |   0.0
    Ossuary |       0 |     703 | 100.0 |       0 |      28 | 100.0
            +---------+---------+-------+---------+---------+-------

Illustrated notes

Table legend:
 A = Kills in this place as a percentage of kills in entire the game.
 B = Kills by you in this place as a percentage of kills by you in the entire game.
 C = Kills by friends in this place as a percentage of kills by friends in the entire game.
 D = Other kills in this place as a percentage of other kills in the entire game.
 E = Experience gained in this place as a percentage of experience gained in the entire game.
 F = Experience gained in this place divided by the number of levels of this place that you have seen.
                   A       B       C       D       E      F
               +-------+-------+-------+-------+-------+----------------------
         Total | 100.0 | 100.0 |   N/A |   N/A | 100.0 | 879.6
       Dungeon |  88.8 |  88.8 |   N/A |   N/A |  91.1 | 901.6
       Ossuary |  11.2 |  11.2 |   N/A |   N/A |   8.9 | 703.0
               +-------+-------+-------+-------+-------+----------------------

Table legend: (Time is in decaauts)
 A = Elapsed time spent in this place.
 B = Non-inter-level travel time spent in this place.
 C = Inter-level travel time spent in this place.
 D = Time resting spent in this place.
 E = Time spent auto-exploring this place.
 F = Levels seen in this place.
 G = Mean time per level.
                   A        B        C        D        E       F      G
               +--------+--------+--------+--------+--------+-----+--------+
         Total |   6887 |   6601 |    286 |    501 |   4258 |   9 |  765.2 |
       Dungeon |   6667 |   6381 |    286 |    501 |   4257 |   8 |  833.4 |
       Ossuary |    220 |    220 |      0 |      0 |      1 |   1 |  220.0 |
               +--------+--------+--------+--------+--------+-----+--------+

Top non-repeatable levels by time:
     D:7: 1226 daAuts
     D:4: 1027 daAuts
     D:1: 1016 daAuts
     D:3: 890 daAuts
     D:6: 863 daAuts
     D:2: 771 daAuts
     D:5: 671 daAuts
 Ossuary: 220 daAuts
     D:8: 199 daAuts
